 Dungeon Crawl Stone Soup version 0.19.5 (webtiles) character file.

64 xveg the Cudgeler (level 4, -5/73 HPs)
             Began as an Ogre Berserker on Mar 1, 2017.
             Was a Follower of Trog.
             Slain by a gnoll
             ... wielding a +0 spear
              (6 damage)
             ... on level 2 of the Dungeon.
             The game lasted 00:02:30 (700 turns).

xveg the Cudgeler (Ogre Berserker)                   Turns: 700, Time: 00:02:30

Health: -5/73      AC:  3    Str: 28    XL:     4   Next: 12%
Magic:  4/4        EV: 10    Int:  6    God:    Trog [*.....]
Gold:   63         SH:  0    Dex:  9    Spells: 0 memorised, 3 levels left

rFire  . . .     SeeInvis .     a - +0 mace
rCold  . . .     Gourm    .     b - +0 animal skin
rNeg   . . .     Faith    .     (no shield)
rPois  .         Spirit   .     (helmet restricted)
rElec  .         Reflect  .     (no cloak)
rCorr  .         Harm     .     (gloves unavailable)
MR     +....                    (boots unavailable)
Stlth  ..........               (no amulet)
                                (no ring)
                                i - ring of protection from magic

@: berserking, very quick
A: unfitting armour, tough skin 1
a: Berserk, Burn Spellbooks, Renounce Religion


You were on level 2 of the Dungeon.
You worshipped Trog.
Trog was aware of your devotion.
You were not hungry.

You visited 1 branch of the dungeon, and saw 2 of its levels.

You collected 63 gold pieces.

Inventory:

Hand Weapons
 a - a +0 mace (weapon)
Armour
 b - a +0 animal skin (worn)
Jewellery
 i - a ring of protection from magic (left hand)
Scrolls
 f - a scroll of magic mapping {unknown}
 g - a scroll of enchant armour {unknown}
 h - a scroll of immolation {unknown}
 k - a scroll of fear {unknown}
 l - a scroll of remove curse {unknown}
 o - a scroll of amnesia {unknown}
 q - a scroll of teleportation {unknown}
Potions
 e - 2 potions of flight {unknown}
 j - a potion of cure mutation {unknown}
 m - a potion of curing {unknown}
 n - 2 potions of ambrosia {unknown}
 p - a potion of brilliance {unknown}
Comestibles
 c - 3 bread rations
 d - a meat ration


   Skills:
 + Level 4.5 Fighting
 + Level 5.2 Maces & Flails
 + Level 3.3 Dodging
 + Level 0.1 Stealth


You had 3 spell levels left.
You didn't know any spells.

Dungeon Overview and Level Annotations

Branches:
Dungeon (2/15)

Altars:
Nemelex Xobeh


Innate Abilities, Weirdness & Mutations

You are too large for most types of armour.
You have tough skin. (AC +1)


Message History

You closely miss the gnoll.
The gnoll is almost dead.
The hobgoblin shouts!
The gnoll misses you. The gnoll closely misses you.
The gnoll hits you from afar with a spear!
* * * LOW HITPOINT WARNING * * *
You hit the gnoll.
The gnoll is lightly wounded.
The gnoll closely misses you.
The gnoll hits you from afar with a spear.
* * * LOW HITPOINT WARNING * * *
The gnoll hits you with a whip of electrocution.
* * * LOW HITPOINT WARNING * * *
Unknown command.
You sock the gnoll!
You kill the gnoll!
Trog accepts your kill.
You have reached level 4!
The gnoll hits you but does no damage. The gnoll hits you with a spear.
You die...

#..............#
#############..............###
..............................
#################.##.......##
##############.##.......#
####......#....##.##.......#
.......##...##..#.###....###
......####.####...# #....# ###
.....##..#'#..##@.###....###<#
.....##.......##)g...........#
......##.)_..##gg..........†.#
#####..##...##..#............#
#..##.##l...............#
...###.................#
g................##
........########.## ##. #.#


You could see 3 gnolls, a leopard gecko and a hobgoblin.

Vanquished Creatures
  Jessica (D:2)
  A gnoll (D:2)
  A worm (D:2)
  2 dart slugs (D:1)
  A leopard gecko (D:1)
  A bat (D:1)
  2 goblins (D:1)
  A hobgoblin (D:1)
  5 kobolds
  A quokka (D:2)
  4 frilled lizards (D:1)
  2 rats
22 creatures vanquished.

Notes
Turn   | Place    | Note
-------+----------+-------------------------------------------
     0 | D:1      | xveg the Ogre Berserker began the quest for the Orb.
     0 | D:1      | Reached XP level 1. HP: 24/24 MP: 1/1
   150 | D:1      | Reached XP level 2. HP: 26/32 MP: 2/2
   542 | D:2      | Reached XP level 3. HP: 27/39 MP: 3/3
   673 | D:2      | Found a sparkling altar of Nemelex Xobeh.
   673 | D:2      | Noticed Jessica
   682 | D:2      | Killed Jessica
   682 | D:2      | Reached skill level 5 in Maces & Flails
   699 | D:2      | HP: 1/60 [gnoll/whip of electrocution (6)]
   700 | D:2      | Reached XP level 4. HP: 1/49 MP: 4/4
   700 | D:2      | Slain by a gnoll

Skill      XL: |  1  2  3 |
---------------+----------+-----
Dodging        | 3 |  3.3
Maces & Flails | 5 |  5.2
Fighting       | |  4.5
Stealth        | |  0.1

Action                   |  1- 3 |  4- 6 || total
-------------------------+-------+-------++-------
Melee: Mace              |    69 |       ||    69
Invok: Berserk           |     1 |       ||     1
Armor: Animal skin       |    16 |     1 ||    17
Dodge: Dodged            |    44 |       ||    44
